cohdb
Replays
Latest Replays
All Replays
Popular Replays
Top Player Replays
Match Explorer
How It Works
Community
CoH3 Stats
Reddit
Sign in to upload your games and track your stats! →
Sign in with Steam
Match 29110978
Unlisted
Match 29110978
Overview
Messages
Build Orders
End
Panzergrenadier Squad
Selects Battlefield Espionage Battlegroup
250 Light Carrier
Panzergrenadier Squad
Construct Light Support Kompanie
Combat Half-tracks
Selects Intel Disruption Beacon
Fire Support Elements
Panzerjäger Squad
Pak 38 Anti-tank Gun Team
2.5-tonne Medical Truck
Construct Panzerarmee Kommand
Forward Retreat Point
Selects Plunder
Selects Firestorm
Firestorm
Walking Stuka Rocket Launcher
Firestorm
Walking Stuka Rocket Launcher
Flak 36 Anti-tank Gun Team
Firestorm
Selects 250/3 Funkpanzerwagen
Selects Anti-Tank Incendiary Munitions
Flakvierling Half-track
Flakvierling Half-track
Firestorm
Flakvierling Half-track
Sir Uncle
SHIBA
lkong
Hanaken
endurance
soapmactivish
Pk1ll
oh? yea
0
0
Comments
sign in to comment!
No comments posted yet!